Rangers vs Predateurs

Created - 7 décembre 2021 at 16:45

Goals
1 2 3 T
Rangers 1 1 0 2
Predateurs 0 1 3 4
Shots
1 2 3 T
Rangers 10 11 4 25
Predateurs 9 8 17 34

GoalsPenalties
1st period
1. Rangers , Samuel Girard 4 (Nicolas Deslauriers 3, Pat Maroon 4) at 12:16
Bowen Byram (NYR) for Interference (Minor) at 2:11
Nicolas Deslauriers (NYR) for Roughing (Minor) at 16:25
2nd period
2. Predateurs , Justin Schultz 4 (Filip Forsberg 9, Sebastian Aho 18) at 2:03 (PP)
3. Rangers , Ryan Reaves 4 (Bowen Byram 8, Pierre-Luc Dubois 11) at 14:28 (PP)
Nicolas Deslauriers (NYR) for Tripping (Minor) at 1:35
Marc-Edouard Vlasic (NAS) for Hooking (Minor) at 3:57
Pekka Rinne (NAS) for Slashing (Minor) at 5:39 - Brady Skjei served the penalty.
Nathan Beaulieu (NAS) for Holding (Minor) at 12:40
3rd period
4. Predateurs , Sebastian Aho 9 (Nikita Kucherov 16, Brady Skjei 6) at 0:16
5. Predateurs , Ryan Dzingel 1 (Marc-Edouard Vlasic 8, Stefan Noesen 1) at 9:00
6. Predateurs , Teuvo Teravainen 4 (Alexander Wennberg 8, Nathan Beaulieu 8) at 19:01 (PP)
Nathan Beaulieu (NAS) for Holding (Minor) at 3:03
Pierre-Luc Dubois (NYR) for Slashing (Minor) at 6:25
Jeff Skinner (NYR) for Roughing (Minor) at 6:48
Ryan Lindgren (NYR) for Tripping (Minor) at 14:25
Ryan Reaves (NYR) for Holding (Minor) at 18:13
Goalie Stats
Igor Shesterkin (NYR), 30 saves from 34 shots - (0,882), L, 7-10-2, 60:00 minutes
Pekka Rinne (NAS), 23 saves from 25 shots - (0,920), W, 3-5-0, 60:00 minutes
3 StarsOfficial
1 - Sebastian Aho (NAS)
2 - Justin Schultz (NAS)
3 - Ryan Dzingel (NAS)
Referees : Dan O'Halloran and Frederick L'Ecuyer
Linesman : Brian Mach and Steve Miller
Game Note
No Game Note
Finance
Level 1 -- Attendance: 3116 (62,32%) -- Ticket Income 342 760 $
Level 2 -- Attendance: 2568 (64,20%) -- Ticket Income 166 920 $
Level 3 -- Attendance: 2034 (67,80%) -- Ticket Income 81 360 $
Level 4 -- Attendance: 2788 (69,70%) -- Ticket Income 83 640 $
Luxury Box -- Attendance: 751 (75,10%) -- Ticket Income 150 200 $
Game was played at the Bridgestone Arena.
Total Attendance: 11257 (66,22%)
Total Ticket Income: 824 880 $
Other Income: 404 191 $
Total Income: 1 229 071 $



Team Name Goals Shots Shots Attemp Shots Blocked PIM HIT PP PK FO%
Rangers 225481314241 / 4 (25%)244%
Predateurs 4347098182 / 7 (29%)156%

Rangers
Player Name POS G A P +/- PIM HIT SHT SB MP PP MP PP SHT PK MP PK SHT FO% FOT
Alex ChiassonLW/RW000000309:291:0100:0000% 0
Alexandre CarrierD0000000120:080:4504:4900% 0
Bowen ByramD0110220118:433:2100:4600% 0
Dylan CoghlanD000-1010117:460:0004:0000% 0
Gabriel VilardiC0000000016:033:2904:06044% 18
Jeff SkinnerLW000-1222117:130:0003:4200% 4
Joel FarabeeLW/RW000-1024018:573:2200:0000% 0
Joel KivirantaLW000100305:230:0000:00050% 2
Juuso RiikolaD000-1030015:220:1601:2000% 0
Marcus JohanssonC/LW000-1003019:453:1410:56067% 3
Nicolas DeslauriersLW/RW011143205:440:0000:230100% 1
Nils HoglanderLW/RW000-1012220:533:2903:53050% 2
Pat MaroonLW0111010010:410:4504:33031% 16
Pierre-Luc DuboisC011-1242018:483:1400:00048% 25
Ryan LindgrenD0000221321:203:2113:2600% 0
Ryan ReavesRW1010201012:103:4310:0000% 0
Samuel GirardD1010012423:173:5114:4900% 0
Trevor ZegrasC000-1020017:003:2900:00050% 20
Predateurs
Player Name POS G A P +/- PIM HIT SHT SB MP PP MP PP SHT PK MP PK SHT FO% FOT
Alexander WennbergC/LW/RW0111003021:064:2913:41071% 7
Brady SkjeiD0110010122:114:2402:5000% 0
Esa LindellD0000012518:430:0003:4610% 0
Filip ForsbergLW/RW011-1012019:155:0610:0000% 0
Frederick GaudreauC/RW000100009:170:0003:39050% 12
Justin SchultzD1011043021:055:1131:0400% 0
Marc-Edouard VlasicD0111202117:020:0002:1300% 0
Mirco MuellerD0000020016:340:0003:2400% 0
Nathan BeaulieuD0110410119:114:2401:3900% 0
Nicklas BackstromC000-1006019:205:1130:00080% 10
Nikita KucherovRW0111024018:025:0630:00050% 2
Noel AcciariC/LW0000000013:460:0003:32048% 23
Paul ByronC/LW/RW0000032013:450:0003:3100% 1
Ryan DzingelC/LW/RW101100105:460:0000:0800% 0
Sebastian AhoC/LW/RW1121025018:025:0620:00063% 32
Stefan NoesenRW011100015:380:0000:0000% 0
Teuvo TeravainenLW/RW101-1003018:464:2910:0800% 2
Zach PariseLW/RW0000011014:434:2910:0000% 2

Rangers

5 vs 5 Forward
Line #Left WingCenterRight WingPHYDFOFWanted %Time %Time Play
1Marcus JohanssonPierre-Luc DuboisJoel Farabee0233436%15:35
2Jeff SkinnerTrevor ZegrasNils Hoglander0233131%13:31
3Alex ChiassonGabriel VilardiRyan Reaves1312020%8:28
4Joel KivirantaPat MaroonNicolas Deslauriers2211513%5:23
5 vs 5 Defense
Line #DefenseDefensePHYDFOFWanted %Time %Time Play
1Samuel GirardBowen Byram0324034%14:37
2Ryan LindgrenAlexandre Carrier0324034%14:34
3Dylan CoghlanJuuso Riikola1402032%13:46
4Samuel GirardRyan Lindgren12200%0:00
Power Play Forward
Line #Left WingCenterRight WingPHYDFOFWanted %Time %Time Play
1Nils HoglanderTrevor ZegrasGabriel Vilardi0145047%3:29
2Marcus JohanssonPierre-Luc DuboisRyan Reaves0145053%3:59
Power Play Defense
Line #DefenseDefensePHYDFOFWanted %Time %Time Play
1Samuel GirardJoel Farabee0145055%4:07
2Bowen ByramRyan Lindgren0235045%3:21
Penalty Kill 4 Players Forward
Line #CenterWingPHYDFOFWanted %Time %Time Play
1Gabriel VilardiJeff Skinner0415051%4:06
2Pat MaroonNils Hoglander0415049%3:53
Penalty Kill 4 Players Defense
Line #DefenseDefensePHYDFOFWanted %Time %Time Play
1Ryan LindgrenDylan Coghlan0325050%4:00
2Samuel GirardAlexandre Carrier0415050%3:59
Penalty Kill 3 Players
Line #WingPHYDFOFWanted %Time %Time PlayDefenseDefensePHYDFOFWanted %Time %Time Play
1Marcus Johansson1405058%0:56 Bowen ByramRyan Lindgren1405048%0:46
2Pat Maroon1405042%0:40 Samuel GirardAlexandre Carrier1405052%0:50
4 vs 4 Forward
Line #CenterWingPHYDFOFWanted %Time %Time Play
1Trevor ZegrasJoel Kiviranta023500%0:00
2Marcus JohanssonPierre-Luc Dubois023500%0:00
4 vs 4 Defense
Line #DefensePHYDFOFWanted %Time %Time Play
1Alexandre CarrierBowen Byram023500%0:00
2Ryan LindgrenDylan Coghlan032500%0:00
Last Minutes Offensive
Left WingCenterRight WingDefenseDefense
Joel FarabeePierre-Luc DuboisJeff SkinnerTrevor ZegrasSamuel Girard
Last Minutes Defensive
Left WingCenterRight WingDefenseDefense
Gabriel VilardiMarcus JohanssonRyan ReavesRyan LindgrenAlexandre Carrier
Time
Total ForwardTotal DefenseLast Minutes OffensiveLast Minutes Defensive
60:00 60:00 0:000:00
Extra Forwards
Normal PowerPlayPenalty Kill
Trevor Zegras, Joel Farabee, Nils HoglanderPierre-Luc Dubois, Pat MaroonNicolas Deslauriers
Extra Defensemen
Normal PowerPlayPenalty Kill
Ryan Lindgren, Samuel Girard, Bowen ByramAlexandre Carrier, Dylan CoghlanJuuso Riikola
Penalty Shots
Pierre-Luc Dubois, Joel Farabee, Trevor Zegras, Nils Hoglander, Ryan Lindgren
Goalie
Igor Shesterkin, Keith Kinkaid
Custom OT Lines Forwards
Gabriel Vilardi, Trevor Zegras, Ryan Reaves, Pierre-Luc Dubois, Nils Hoglander, Marcus Johansson, Pat Maroon, Joel Kiviranta, Joel Farabee, Jeff Skinner
Custom OT Lines Defensemen
Bowen Byram, Ryan Lindgren, Dylan Coghlan, Samuel Girard, Juuso Riikola
Scratches
Wayne Simmonds (Healthy), Kyle Okposo (Healthy), Darren Raddysh (Healthy)

Predateurs

5 vs 5 Forward
Line #Left WingCenterRight WingPHYDFOFWanted %Time %Time Play
1Alexander WennbergSebastian AhoNikita Kucherov0233230%12:56
2Filip ForsbergNicklas BackstromTeuvo Teravainen0233233%14:09
3Zach PariseNoel AcciariPaul Byron0322424%10:14
4Ryan DzingelFrederick GaudreauStefan Noesen1311213%5:38
5 vs 5 Defense
Line #DefenseDefensePHYDFOFWanted %Time %Time Play
1Brady SkjeiEsa Lindell0323635%14:57
2Justin SchultzMarc-Edouard Vlasic0323435%14:50
3Mirco MuellerNathan Beaulieu0323031%13:10
4Brady SkjeiEsa Lindell12200%0:00
Power Play Forward
Line #Left WingCenterRight WingPHYDFOFWanted %Time %Time Play
1Filip ForsbergSebastian AhoNikita Kucherov0056053%5:06
2Teuvo TeravainenAlexander WennbergZach Parise0054047%4:29
Power Play Defense
Line #DefenseDefensePHYDFOFWanted %Time %Time Play
1Justin SchultzNicklas Backstrom0056054%5:11
2Brady SkjeiNathan Beaulieu0054046%4:24
Penalty Kill 4 Players Forward
Line #CenterWingPHYDFOFWanted %Time %Time Play
1Noel AcciariAlexander Wennberg0505049%3:32
2Frederick GaudreauPaul Byron0505051%3:39
Penalty Kill 4 Players Defense
Line #DefenseDefensePHYDFOFWanted %Time %Time Play
1Brady SkjeiEsa Lindell0505055%3:55
2Mirco MuellerMarc-Edouard Vlasic0505045%3:16
Penalty Kill 3 Players
Line #WingPHYDFOFWanted %Time %Time PlayDefenseDefensePHYDFOFWanted %Time %Time Play
1Noel Acciari0505047%0:08 Brady SkjeiEsa Lindell0505053%0:09
2Alexander Wennberg0505053%0:09 Mirco MuellerMarc-Edouard Vlasic0505047%0:08
4 vs 4 Forward
Line #CenterWingPHYDFOFWanted %Time %Time Play
1Sebastian AhoNikita Kucherov023500%0:00
2Nicklas BackstromFilip Forsberg023500%0:00
4 vs 4 Defense
Line #DefensePHYDFOFWanted %Time %Time Play
1Brady SkjeiEsa Lindell032500%0:00
2Justin SchultzMarc-Edouard Vlasic131500%0:00
Last Minutes Offensive
Left WingCenterRight WingDefenseDefense
Filip ForsbergSebastian AhoNikita KucherovBrady SkjeiJustin Schultz
Last Minutes Defensive
Left WingCenterRight WingDefenseDefense
Paul ByronNoel AcciariAlexander WennbergBrady SkjeiEsa Lindell
Time
Total ForwardTotal DefenseLast Minutes OffensiveLast Minutes Defensive
60:00 60:00 0:000:00
Extra Forwards
Normal PowerPlayPenalty Kill
Noel Acciari, Nicklas Backstrom, Alexander WennbergNoel Acciari, Paul ByronAlexander Wennberg
Extra Defensemen
Normal PowerPlayPenalty Kill
Justin Schultz, Nathan Beaulieu, Brady SkjeiJustin Schultz, Nathan BeaulieuEsa Lindell
Penalty Shots
Sebastian Aho, Filip Forsberg, Nikita Kucherov, Nicklas Backstrom, Teuvo Teravainen
Goalie
Pekka Rinne, Michael Hutchinson
Custom OT Lines Forwards
Sebastian Aho, Filip Forsberg, Nikita Kucherov, Nicklas Backstrom, Teuvo Teravainen, Noel Acciari, Paul Byron, Zach Parise, Alexander Wennberg, Frederick Gaudreau
Custom OT Lines Defensemen
Brady Skjei, Esa Lindell, Marc-Edouard Vlasic, Justin Schultz, Nathan Beaulieu
Scratches
Antti Raanta (Healthy)


Play-by-Play

1st period


0:01 of 1st period - Sebastian Aho wins face-off versus Pierre-Luc Dubois in neutral zone.
0:01 of 1st period - Nikita Kucherov is hit by Pierre-Luc Dubois.
0:03 of 1st period - Shot by Sebastian Aho.
0:03 of 1st period - Stopped by Igor Shesterkin without a rebound.
0:04 of 1st period - Nicklas Backstrom wins face-off versus Nils Hoglander in Rangers zone.
0:11 of 1st period - Shot by Filip Forsberg.
0:11 of 1st period - Shot Misses the Net.
0:13 of 1st period - Shot by Teuvo Teravainen.
0:13 of 1st period - Shot Blocked by Nils Hoglander.
0:30 of 1st period - Nicklas Backstrom is hit by Ryan Lindgren and loses puck.
0:33 of 1st period - Shot by Teuvo Teravainen.
0:33 of 1st period - Stopped by Igor Shesterkin without a rebound.
0:34 of 1st period - Pierre-Luc Dubois wins face-off versus Noel Acciari in Rangers zone.
0:53 of 1st period - Icing by Nathan Beaulieu.
0:54 of 1st period - Gabriel Vilardi wins face-off versus Paul Byron in Predateurs zone.
1:40 of 1st period - Icing by Dylan Coghlan.
1:41 of 1st period - Sebastian Aho wins face-off versus Gabriel Vilardi in Rangers zone.
1:41 of 1st period - Alexander Wennberg is hit by Dylan Coghlan and loses puck.
2:11 of 1st period - Minor Penalty to Bowen Byram for Interference.
2:12 of 1st period - Nikita Kucherov wins face-off versus Pat Maroon in Rangers zone.
2:19 of 1st period - Shot by Nikita Kucherov.
2:19 of 1st period - Stopped by Igor Shesterkin without a rebound.
2:20 of 1st period - Gabriel Vilardi wins face-off versus Teuvo Teravainen in Rangers zone.
3:17 of 1st period - Shot by Nikita Kucherov.
3:17 of 1st period - Stopped by Igor Shesterkin without a rebound.
3:18 of 1st period - Sebastian Aho wins face-off versus Pat Maroon in Rangers zone.
3:23 of 1st period - Shot by Filip Forsberg.
3:23 of 1st period - Shot Misses the Net.
3:25 of 1st period - Shot by Brady Skjei.
3:25 of 1st period - Shot Misses the Net.
3:47 of 1st period - Gabriel Vilardi is hit by Nikita Kucherov and loses puck.
4:18 of 1st period - Shot by Marcus Johansson.
4:18 of 1st period - Shot Misses the Net.
4:21 of 1st period - Icing by Marc-Edouard Vlasic.
4:22 of 1st period - Marcus Johansson wins face-off versus Frederick Gaudreau in Predateurs zone.
4:29 of 1st period - Shot by Marcus Johansson.
4:29 of 1st period - Stopped by Pekka Rinne with a rebound.
4:31 of 1st period - Shot by Ryan Lindgren.
4:31 of 1st period - Shot Blocked by Stefan Noesen.
4:33 of 1st period - Shot by Joel Farabee.
4:33 of 1st period - Stopped by Pekka Rinne with a rebound.
4:37 of 1st period - Shot by Pierre-Luc Dubois.
4:37 of 1st period - Shot Misses the Net.
4:39 of 1st period - Shot by Pierre-Luc Dubois.
4:39 of 1st period - Stopped by Pekka Rinne without a rebound.
4:40 of 1st period - Joel Kiviranta wins face-off versus Noel Acciari in Predateurs zone.
4:40 of 1st period - Joel Kiviranta is hit by Esa Lindell.
4:59 of 1st period - Off-side.
5:00 of 1st period - Nicklas Backstrom wins face-off versus Jeff Skinner in neutral zone.
5:35 of 1st period - Shot by Teuvo Teravainen.
5:35 of 1st period - Stopped by Igor Shesterkin without a rebound.
5:36 of 1st period - Pierre-Luc Dubois wins face-off versus Sebastian Aho in Rangers zone.
5:38 of 1st period - Samuel Girard is hit by Brady Skjei and loses puck.
6:11 of 1st period - Shot by Sebastian Aho.
6:11 of 1st period - Shot Hit the Post.
6:56 of 1st period - Shot by Alex Chiasson.
6:56 of 1st period - Stopped by Pekka Rinne with a rebound.
7:01 of 1st period - Gabriel Vilardi is hit by Justin Schultz and loses puck.
8:08 of 1st period - Icing by Teuvo Teravainen.
8:09 of 1st period - Nicklas Backstrom wins face-off versus Jeff Skinner in Predateurs zone.
8:46 of 1st period - Shot by Nikita Kucherov.
8:46 of 1st period - Shot Misses the Net.
9:44 of 1st period - Icing by Paul Byron.
9:45 of 1st period - Pat Maroon wins face-off versus Noel Acciari in Predateurs zone.
9:56 of 1st period - Icing by Marc-Edouard Vlasic.
9:57 of 1st period - Noel Acciari wins face-off versus Trevor Zegras in Predateurs zone.
10:35 of 1st period - Shot by Teuvo Teravainen.
10:35 of 1st period - Shot Misses the Net.
10:53 of 1st period - Icing by Juuso Riikola.
10:54 of 1st period - Trevor Zegras wins face-off versus Sebastian Aho in Rangers zone.
11:19 of 1st period - Shot by Nikita Kucherov.
11:19 of 1st period - Shot Blocked by Alexandre Carrier.
11:31 of 1st period - Shot by Pierre-Luc Dubois.
11:31 of 1st period - Shot Misses the Net.
12:12 of 1st period - Shot by Samuel Girard.
12:12 of 1st period - Shot Misses the Net.
12:14 of 1st period - Shot by Pat Maroon.
12:14 of 1st period - Deflect By Nicolas Deslauriers.
12:14 of 1st period - Stopped by Pekka Rinne with a rebound.
12:16 of 1st period - Shot by Samuel Girard.
12:16 of 1st period - Goal by Samuel Girard - Rangers : 1 - Predateurs : 0.
12:17 of 1st period - Gabriel Vilardi wins face-off versus Noel Acciari in neutral zone.
12:34 of 1st period - Shot by Gabriel Vilardi.
12:34 of 1st period - Shot Misses the Net.
12:56 of 1st period - Shot by Zach Parise.
12:56 of 1st period - Shot Misses the Net.
13:55 of 1st period - Icing by Alexandre Carrier.
13:56 of 1st period - Trevor Zegras wins face-off versus Sebastian Aho in Rangers zone.
13:56 of 1st period - Nils Hoglander is hit by Sebastian Aho and loses puck.
14:25 of 1st period - Shot by Joel Farabee.
14:25 of 1st period - Stopped by Pekka Rinne without a rebound.
14:26 of 1st period - Frederick Gaudreau wins face-off versus Pat Maroon in Predateurs zone.
14:57 of 1st period - Shot by Juuso Riikola.
14:57 of 1st period - Shot Misses the Net.
14:59 of 1st period - Shot by Joel Kiviranta.
14:59 of 1st period - Stopped by Pekka Rinne without a rebound.
15:00 of 1st period - Sebastian Aho wins face-off versus Pierre-Luc Dubois in Predateurs zone.
15:00 of 1st period - Sebastian Aho is hit by Pierre-Luc Dubois.
15:05 of 1st period - Off-side.
15:06 of 1st period - Pierre-Luc Dubois wins face-off versus Sebastian Aho in neutral zone.
15:44 of 1st period - Shot by Alexander Wennberg.
15:44 of 1st period - Shot Misses the Net.
16:16 of 1st period - Shot by Jeff Skinner.
16:16 of 1st period - Stopped by Pekka Rinne without a rebound.
16:17 of 1st period - Noel Acciari wins face-off versus Pat Maroon in Predateurs zone.
16:19 of 1st period - Zach Parise is hit by Nicolas Deslauriers and loses puck.
16:25 of 1st period - Minor Penalty to Nicolas Deslauriers for Roughing.
16:26 of 1st period - Alexander Wennberg wins face-off versus Pat Maroon in Rangers zone.
16:37 of 1st period - Shot by Nicklas Backstrom.
16:37 of 1st period - Shot Misses the Net.
16:39 of 1st period - Shot by Nicklas Backstrom.
16:39 of 1st period - Stopped by Igor Shesterkin without a rebound.
16:40 of 1st period - Sebastian Aho wins face-off versus Jeff Skinner in Rangers zone.
16:51 of 1st period - Shot by Filip Forsberg.
16:51 of 1st period - Shot Blocked by Samuel Girard.
16:53 of 1st period - Shot by Nicklas Backstrom.
16:53 of 1st period - Shot Blocked by Samuel Girard.
16:55 of 1st period - Shot by Justin Schultz.
16:55 of 1st period - Stopped by Igor Shesterkin without a rebound.
16:56 of 1st period - Alexander Wennberg wins face-off versus Pat Maroon in Rangers zone.
18:26 of 1st period - Icing by Sebastian Aho.
18:27 of 1st period - Pierre-Luc Dubois wins face-off versus Frederick Gaudreau in Predateurs zone.
18:27 of 1st period - Joel Farabee is hit by Justin Schultz.
18:31 of 1st period - Shot by Pierre-Luc Dubois.
18:31 of 1st period - Stopped by Pekka Rinne without a rebound.
18:32 of 1st period - Frederick Gaudreau wins face-off versus Pierre-Luc Dubois in Predateurs zone.
18:32 of 1st period - Marc-Edouard Vlasic is hit by Joel Farabee and loses puck.
18:40 of 1st period - Marc-Edouard Vlasic is hit by Juuso Riikola.
19:41 of 1st period - Teuvo Teravainen is hit by Juuso Riikola and loses puck.
19:48 of 1st period - Shot by Nicklas Backstrom.
19:48 of 1st period - Stopped by Igor Shesterkin without a rebound.
19:49 of 1st period - Sebastian Aho wins face-off versus Trevor Zegras in Rangers zone.
19:50 of 1st period - Shot by Alexander Wennberg.
19:50 of 1st period - Stopped by Igor Shesterkin without a rebound.
19:51 of 1st period - Sebastian Aho wins face-off versus Trevor Zegras in Rangers zone.
Goals for this period are 1 for Rangers vs 0 for Predateurs.
Shots for this period are 10 for Rangers vs 9 for Predateurs.

2nd period


0:01 of 2nd period - Trevor Zegras wins face-off versus Sebastian Aho in neutral zone.
0:01 of 2nd period - Jeff Skinner is hit by Nikita Kucherov and loses puck.
0:11 of 2nd period - Icing by Nathan Beaulieu.
0:12 of 2nd period - Sebastian Aho wins face-off versus Pat Maroon in Predateurs zone.
0:27 of 2nd period - Joel Kiviranta is hit by Mirco Mueller and loses puck.
0:37 of 2nd period - Icing by Mirco Mueller.
0:38 of 2nd period - Sebastian Aho wins face-off versus Trevor Zegras in Predateurs zone.
1:31 of 2nd period - Shot by Pierre-Luc Dubois.
1:31 of 2nd period - Deflect By Joel Farabee.
1:31 of 2nd period - Shot Blocked by Brady Skjei.
1:33 of 2nd period - Shot by Marcus Johansson.
1:33 of 2nd period - Stopped by Pekka Rinne without a rebound.
1:34 of 2nd period - Noel Acciari wins face-off versus Joel Kiviranta in Predateurs zone.
1:34 of 2nd period - Noel Acciari is hit by Nicolas Deslauriers.
1:35 of 2nd period - Minor Penalty to Nicolas Deslauriers for Tripping.
1:36 of 2nd period - Sebastian Aho wins face-off versus Gabriel Vilardi in Rangers zone.
1:49 of 2nd period - Nils Hoglander is hit by Filip Forsberg.
2:01 of 2nd period - Shot by Filip Forsberg.
2:01 of 2nd period - Shot Blocked by Samuel Girard.
2:03 of 2nd period - Shot by Justin Schultz.
2:03 of 2nd period - Goal by Justin Schultz - Rangers : 1 - Predateurs : 1.
2:04 of 2nd period - Noel Acciari wins face-off versus Marcus Johansson in neutral zone.
2:20 of 2nd period - Juuso Riikola is hit by Paul Byron and loses puck.
3:01 of 2nd period - Joel Farabee is hit by Zach Parise and loses puck.
3:12 of 2nd period - Shot by Filip Forsberg.
3:12 of 2nd period - Stopped by Igor Shesterkin without a rebound.
3:13 of 2nd period - Trevor Zegras wins face-off versus Nicklas Backstrom in Rangers zone.
3:40 of 2nd period - Shot by Trevor Zegras.
3:40 of 2nd period - Shot Blocked by Marc-Edouard Vlasic.
3:55 of 2nd period - Nils Hoglander is hit by Justin Schultz and loses puck.
3:57 of 2nd period - Minor Penalty to Marc-Edouard Vlasic for Hooking.
3:58 of 2nd period - Pierre-Luc Dubois wins face-off versus Noel Acciari in Predateurs zone.
5:37 of 2nd period - Shot by Samuel Girard.
5:37 of 2nd period - Shot Misses the Net.
5:39 of 2nd period - Shot by Samuel Girard.
5:39 of 2nd period - Stopped by Pekka Rinne without a rebound.
5:39 of 2nd period - Minor Penalty to Pekka Rinne for Slashing.
5:40 of 2nd period - Alexander Wennberg wins face-off versus Pat Maroon in Predateurs zone.
5:57 of 2nd period - Shot by Samuel Girard.
5:57 of 2nd period - Shot Blocked by Esa Lindell.
6:30 of 2nd period - Bowen Byram is hit by Paul Byron and loses puck.
7:13 of 2nd period - Shot by Marcus Johansson.
7:13 of 2nd period - Stopped by Pekka Rinne without a rebound.
7:14 of 2nd period - Frederick Gaudreau wins face-off versus Pierre-Luc Dubois in Predateurs zone.
7:25 of 2nd period - Shot by Joel Farabee.
7:25 of 2nd period - Shot Misses the Net.
8:16 of 2nd period - Shot by Joel Kiviranta.
8:16 of 2nd period - Deflect By Nicolas Deslauriers.
8:16 of 2nd period - Stopped by Pekka Rinne with a rebound.
8:49 of 2nd period - Icing by Justin Schultz.
8:50 of 2nd period - Pierre-Luc Dubois wins face-off versus Teuvo Teravainen in Predateurs zone.
9:15 of 2nd period - Shot by Joel Farabee.
9:15 of 2nd period - Shot Misses the Net.
9:23 of 2nd period - Shot by Pierre-Luc Dubois.
9:23 of 2nd period - Shot Blocked by Nathan Beaulieu.
9:47 of 2nd period - Shot by Noel Acciari.
9:47 of 2nd period - Shot Misses the Net.
10:12 of 2nd period - Icing by Ryan Lindgren.
10:13 of 2nd period - Sebastian Aho wins face-off versus Gabriel Vilardi in Rangers zone.
10:57 of 2nd period - Shot by Nils Hoglander.
10:57 of 2nd period - Stopped by Pekka Rinne without a rebound.
10:58 of 2nd period - Frederick Gaudreau wins face-off versus Pierre-Luc Dubois in Predateurs zone.
11:02 of 2nd period - Off-side.
11:03 of 2nd period - Nicklas Backstrom wins face-off versus Pierre-Luc Dubois in neutral zone.
11:18 of 2nd period - Nicklas Backstrom is hit by Pierre-Luc Dubois and loses puck.
11:43 of 2nd period - Shot by Teuvo Teravainen.
11:43 of 2nd period - Shot Misses the Net.
11:45 of 2nd period - Shot by Marc-Edouard Vlasic.
11:45 of 2nd period - Stopped by Igor Shesterkin without a rebound.
11:46 of 2nd period - Nils Hoglander wins face-off versus Sebastian Aho in Rangers zone.
11:48 of 2nd period - Icing by Trevor Zegras.
11:49 of 2nd period - Trevor Zegras wins face-off versus Sebastian Aho in Rangers zone.
11:51 of 2nd period - Ryan Lindgren is hit by Sebastian Aho.
12:05 of 2nd period - Shot by Nikita Kucherov.
12:05 of 2nd period - Shot Misses the Net.
12:07 of 2nd period - Shot by Esa Lindell.
12:07 of 2nd period - Stopped by Igor Shesterkin with a rebound.
12:09 of 2nd period - Shot by Esa Lindell.
12:09 of 2nd period - Shot Misses the Net.
12:11 of 2nd period - Shot by Nikita Kucherov.
12:11 of 2nd period - Stopped by Igor Shesterkin without a rebound.
12:12 of 2nd period - Noel Acciari wins face-off versus Gabriel Vilardi in Rangers zone.
12:13 of 2nd period - Shot by Paul Byron.
12:13 of 2nd period - Shot Misses the Net.
12:40 of 2nd period - Minor Penalty to Nathan Beaulieu for Holding.
12:41 of 2nd period - Trevor Zegras wins face-off versus Noel Acciari in Predateurs zone.
13:47 of 2nd period - Icing by Bowen Byram.
13:48 of 2nd period - Noel Acciari wins face-off versus Pierre-Luc Dubois in Rangers zone.
13:49 of 2nd period - Shot by Esa Lindell.
13:49 of 2nd period - Stopped by Igor Shesterkin without a rebound.
13:50 of 2nd period - Pierre-Luc Dubois wins face-off versus Frederick Gaudreau in Rangers zone.
13:50 of 2nd period - Pierre-Luc Dubois is hit by Paul Byron.
14:14 of 2nd period - Shot by Ryan Lindgren.
14:14 of 2nd period - Stopped by Pekka Rinne without a rebound.
14:15 of 2nd period - Pierre-Luc Dubois wins face-off versus Frederick Gaudreau in Predateurs zone.
14:26 of 2nd period - Shot by Bowen Byram.
14:26 of 2nd period - Shot Blocked by Esa Lindell.
14:28 of 2nd period - Shot by Ryan Reaves.
14:28 of 2nd period - Goal by Ryan Reaves - Rangers : 2 - Predateurs : 1.
14:29 of 2nd period - Sebastian Aho wins face-off versus Trevor Zegras in neutral zone.
14:48 of 2nd period - Shot by Jeff Skinner.
14:48 of 2nd period - Stopped by Pekka Rinne without a rebound.
14:49 of 2nd period - Nicklas Backstrom wins face-off versus Pat Maroon in Predateurs zone.
14:49 of 2nd period - Nicklas Backstrom is hit by Nicolas Deslauriers.
14:59 of 2nd period - Shot by Joel Kiviranta.
14:59 of 2nd period - Shot Blocked by Esa Lindell.
15:01 of 2nd period - Shot by Joel Kiviranta.
15:01 of 2nd period - Stopped by Pekka Rinne without a rebound.
15:02 of 2nd period - Sebastian Aho wins face-off versus Trevor Zegras in Predateurs zone.
15:02 of 2nd period - Sebastian Aho is hit by Jeff Skinner.
15:17 of 2nd period - Icing by Jeff Skinner.
15:18 of 2nd period - Nicklas Backstrom wins face-off versus Trevor Zegras in Rangers zone.
16:11 of 2nd period - Off-side.
16:12 of 2nd period - Sebastian Aho wins face-off versus Pierre-Luc Dubois in neutral zone.
16:33 of 2nd period - Shot by Alexander Wennberg.
16:33 of 2nd period - Stopped by Igor Shesterkin without a rebound.
16:34 of 2nd period - Gabriel Vilardi wins face-off versus Zach Parise in Rangers zone.
17:15 of 2nd period - Shot by Alex Chiasson.
17:15 of 2nd period - Stopped by Pekka Rinne without a rebound.
17:16 of 2nd period - Pierre-Luc Dubois wins face-off versus Sebastian Aho in Predateurs zone.
17:45 of 2nd period - Shot by Joel Farabee.
17:45 of 2nd period - Shot Misses the Net.
17:47 of 2nd period - Shot by Pierre-Luc Dubois.
17:47 of 2nd period - Shot Blocked by Esa Lindell.
18:34 of 2nd period - Shot by Nicklas Backstrom.
18:34 of 2nd period - Stopped by Igor Shesterkin without a rebound.
18:35 of 2nd period - Pat Maroon wins face-off versus Noel Acciari in Rangers zone.
18:47 of 2nd period - Shot by Joel Kiviranta.
18:47 of 2nd period - Stopped by Pekka Rinne without a rebound.
18:48 of 2nd period - Trevor Zegras wins face-off versus Frederick Gaudreau in Predateurs zone.
19:05 of 2nd period - Icing by Trevor Zegras.
19:06 of 2nd period - Trevor Zegras wins face-off versus Nikita Kucherov in Rangers zone.
19:49 of 2nd period - Shot by Nikita Kucherov.
19:49 of 2nd period - Shot Blocked by Ryan Lindgren.
Goals for this period are 1 for Rangers vs 1 for Predateurs.
Shots for this period are 11 for Rangers vs 8 for Predateurs.

3rd period


0:01 of 3rd period - Sebastian Aho wins face-off versus Pierre-Luc Dubois in neutral zone.
0:12 of 3rd period - Shot by Nikita Kucherov.
0:12 of 3rd period - Shot Misses the Net.
0:14 of 3rd period - Shot by Sebastian Aho.
0:14 of 3rd period - Shot Misses the Net.
0:16 of 3rd period - Shot by Sebastian Aho.
0:16 of 3rd period - Goal by Sebastian Aho - Rangers : 2 - Predateurs : 2.
0:17 of 3rd period - Noel Acciari wins face-off versus Gabriel Vilardi in neutral zone.
0:46 of 3rd period - Shot by Paul Byron.
0:46 of 3rd period - Stopped by Igor Shesterkin without a rebound.
0:47 of 3rd period - Sebastian Aho wins face-off versus Pierre-Luc Dubois in Rangers zone.
1:03 of 3rd period - Icing by Alexander Wennberg.
1:04 of 3rd period - Nicolas Deslauriers wins face-off versus Sebastian Aho in Predateurs zone.
1:39 of 3rd period - Shot by Nikita Kucherov.
1:39 of 3rd period - Shot Misses the Net.
2:04 of 3rd period - Filip Forsberg is hit by Bowen Byram and loses puck.
2:48 of 3rd period - Off-side.
2:49 of 3rd period - Trevor Zegras wins face-off versus Noel Acciari in neutral zone.
3:02 of 3rd period - Shot by Jeff Skinner.
3:02 of 3rd period - Shot Misses the Net.
3:03 of 3rd period - Minor Penalty to Nathan Beaulieu for Holding.
3:04 of 3rd period - Noel Acciari wins face-off versus Trevor Zegras in Predateurs zone.
3:30 of 3rd period - Nils Hoglander is hit by Mirco Mueller and loses puck.
3:37 of 3rd period - Shot by Nils Hoglander.
3:37 of 3rd period - Shot Misses the Net.
3:58 of 3rd period - Icing by Pierre-Luc Dubois.
3:59 of 3rd period - Pierre-Luc Dubois wins face-off versus Noel Acciari in Rangers zone.
4:25 of 3rd period - Shot by Ryan Reaves.
4:25 of 3rd period - Shot Blocked by Esa Lindell.
4:27 of 3rd period - Shot by Joel Farabee.
4:27 of 3rd period - Shot Misses the Net.
5:42 of 3rd period - Shot by Nicklas Backstrom.
5:42 of 3rd period - Shot Blocked by Dylan Coghlan.
5:52 of 3rd period - Ryan Dzingel is hit by Pat Maroon and loses puck.
6:02 of 3rd period - Icing by Brady Skjei.
6:03 of 3rd period - Frederick Gaudreau wins face-off versus Pierre-Luc Dubois in Predateurs zone.
6:03 of 3rd period - Frederick Gaudreau is hit by Joel Farabee.
6:25 of 3rd period - Minor Penalty to Pierre-Luc Dubois for Slashing.
6:26 of 3rd period - Sebastian Aho wins face-off versus Gabriel Vilardi in Rangers zone.
6:33 of 3rd period - Shot by Nikita Kucherov.
6:33 of 3rd period - Shot Misses the Net.
6:48 of 3rd period - Minor Penalty to Jeff Skinner for Roughing.
6:49 of 3rd period - Marcus Johansson wins face-off versus Alexander Wennberg in Rangers zone.
7:52 of 3rd period - Shot by Sebastian Aho.
7:52 of 3rd period - Stopped by Igor Shesterkin with a rebound.
7:54 of 3rd period - Shot by Nicklas Backstrom.
7:54 of 3rd period - Shot Blocked by Ryan Lindgren.
8:10 of 3rd period - Shot by Nikita Kucherov.
8:10 of 3rd period - Shot Misses the Net.
9:00 of 3rd period - Shot by Ryan Dzingel.
9:00 of 3rd period - Goal by Ryan Dzingel - Rangers : 2 - Predateurs : 3.
9:01 of 3rd period - Frederick Gaudreau wins face-off versus Gabriel Vilardi in neutral zone.
9:28 of 3rd period - Shot by Alex Chiasson.
9:28 of 3rd period - Stopped by Pekka Rinne without a rebound.
9:29 of 3rd period - Pierre-Luc Dubois wins face-off versus Nicklas Backstrom in Predateurs zone.
9:40 of 3rd period - Shot by Joel Farabee.
9:40 of 3rd period - Shot Misses the Net.
9:44 of 3rd period - Shot by Joel Farabee.
9:44 of 3rd period - Stopped by Pekka Rinne without a rebound.
9:45 of 3rd period - Sebastian Aho wins face-off versus Trevor Zegras in Predateurs zone.
10:07 of 3rd period - Trevor Zegras is hit by Justin Schultz and loses puck.
10:28 of 3rd period - Alexander Wennberg is hit by Trevor Zegras and loses puck.
10:50 of 3rd period - Off-side.
10:51 of 3rd period - Noel Acciari wins face-off versus Gabriel Vilardi in neutral zone.
11:51 of 3rd period - Gabriel Vilardi is hit by Nathan Beaulieu and loses puck.
12:18 of 3rd period - Icing by Mirco Mueller.
12:19 of 3rd period - Nicklas Backstrom wins face-off versus Pierre-Luc Dubois in Predateurs zone.
12:41 of 3rd period - Filip Forsberg is hit by Pierre-Luc Dubois and loses puck.
13:09 of 3rd period - Shot by Sebastian Aho.
13:09 of 3rd period - Stopped by Igor Shesterkin with a rebound.
13:11 of 3rd period - Shot by Justin Schultz.
13:11 of 3rd period - Shot Blocked by Bowen Byram.
13:22 of 3rd period - Nikita Kucherov is hit by Bowen Byram.
13:47 of 3rd period - Off-side.
13:48 of 3rd period - Trevor Zegras wins face-off versus Noel Acciari in neutral zone.
13:51 of 3rd period - Shot by Ryan Lindgren.
13:51 of 3rd period - Deflect By Nils Hoglander.
13:51 of 3rd period - Stopped by Pekka Rinne with a rebound.
14:20 of 3rd period - Noel Acciari is hit by Ryan Lindgren.
14:25 of 3rd period - Minor Penalty to Ryan Lindgren for Tripping.
14:26 of 3rd period - Pat Maroon wins face-off versus Sebastian Aho in Rangers zone.
14:58 of 3rd period - Shot by Justin Schultz.
14:58 of 3rd period - Shot Blocked by Jeff Skinner.
15:19 of 3rd period - Icing by Zach Parise.
15:20 of 3rd period - Gabriel Vilardi wins face-off versus Zach Parise in Predateurs zone.
15:28 of 3rd period - Icing by Alexander Wennberg.
15:29 of 3rd period - Pat Maroon wins face-off versus Alexander Wennberg in Predateurs zone.
15:45 of 3rd period - Icing by Brady Skjei.
15:46 of 3rd period - Alexander Wennberg wins face-off versus Gabriel Vilardi in Predateurs zone.
15:46 of 3rd period - Alexander Wennberg is hit by Jeff Skinner.
16:02 of 3rd period - Nathan Beaulieu is hit by Juuso Riikola and loses puck.
16:07 of 3rd period - Shot by Zach Parise.
16:07 of 3rd period - Stopped by Igor Shesterkin without a rebound.
16:08 of 3rd period - Sebastian Aho wins face-off versus Pat Maroon in Rangers zone.
16:15 of 3rd period - Shot by Filip Forsberg.
16:15 of 3rd period - Stopped by Igor Shesterkin with a rebound.
16:17 of 3rd period - Shot by Justin Schultz.
16:17 of 3rd period - Stopped by Igor Shesterkin without a rebound.
16:18 of 3rd period - Gabriel Vilardi wins face-off versus Sebastian Aho in Rangers zone.
16:29 of 3rd period - Shot by Frederick Gaudreau.
16:29 of 3rd period - Shot Misses the Net.
17:05 of 3rd period - Shot by Marcus Johansson.
17:05 of 3rd period - Deflect By Joel Farabee.
17:05 of 3rd period - Stopped by Pekka Rinne without a rebound.
17:06 of 3rd period - Nicklas Backstrom wins face-off versus Jeff Skinner in Predateurs zone.
17:06 of 3rd period - Nicklas Backstrom is hit by Trevor Zegras.
17:30 of 3rd period - Shot by Nicklas Backstrom.
17:30 of 3rd period - Stopped by Igor Shesterkin with a rebound.
17:42 of 3rd period - Shot by Teuvo Teravainen.
17:42 of 3rd period - Shot Blocked by Nils Hoglander.
17:44 of 3rd period - Shot by Marc-Edouard Vlasic.
17:44 of 3rd period - Shot Blocked by Samuel Girard.
17:46 of 3rd period - Shot by Marc-Edouard Vlasic.
17:46 of 3rd period - Stopped by Igor Shesterkin without a rebound.
17:47 of 3rd period - Gabriel Vilardi wins face-off versus Noel Acciari in Rangers zone.
18:13 of 3rd period - Minor Penalty to Ryan Reaves for Holding.
18:14 of 3rd period - Sebastian Aho wins face-off versus Pat Maroon in Rangers zone.
18:14 of 3rd period - Nikita Kucherov is hit by Samuel Girard and loses puck.
18:17 of 3rd period - Shot by Nicklas Backstrom.
18:17 of 3rd period - Stopped by Igor Shesterkin with a rebound.
18:19 of 3rd period - Shot by Nikita Kucherov.
18:19 of 3rd period - Stopped by Igor Shesterkin with a rebound.
18:21 of 3rd period - Shot by Sebastian Aho.
18:21 of 3rd period - Stopped by Igor Shesterkin without a rebound.
18:22 of 3rd period - Gabriel Vilardi wins face-off versus Sebastian Aho in Rangers zone.
18:41 of 3rd period - Shot by Nicklas Backstrom.
18:41 of 3rd period - Stopped by Igor Shesterkin without a rebound.
18:42 of 3rd period - Alexander Wennberg wins face-off versus Gabriel Vilardi in Rangers zone.
18:51 of 3rd period - Shot by Alexander Wennberg.
18:51 of 3rd period - Deflect By Teuvo Teravainen.
18:51 of 3rd period - Shot Misses the Net.
18:57 of 3rd period - Shot by Alexander Wennberg.
18:57 of 3rd period - Stopped by Igor Shesterkin with a rebound.
18:59 of 3rd period - Shot by Alexander Wennberg.
18:59 of 3rd period - Shot Misses the Net.
19:01 of 3rd period - Shot by Teuvo Teravainen.
19:01 of 3rd period - Goal by Teuvo Teravainen - Rangers : 2 - Predateurs : 4.
19:02 of 3rd period - Pierre-Luc Dubois wins face-off versus Frederick Gaudreau in neutral zone.
19:27 of 3rd period - Icing by Samuel Girard.
19:28 of 3rd period - Noel Acciari wins face-off versus Pierre-Luc Dubois in Rangers zone.
19:31 of 3rd period - Shot by Paul Byron.
19:31 of 3rd period - Shot Misses the Net.
19:33 of 3rd period - Shot by Paul Byron.
19:33 of 3rd period - Stopped by Igor Shesterkin without a rebound.
19:34 of 3rd period - Noel Acciari wins face-off versus Trevor Zegras in Rangers zone.
19:39 of 3rd period - Shot by Zach Parise.
19:39 of 3rd period - Shot Blocked by Ryan Lindgren.
19:45 of 3rd period - Noel Acciari is hit by Nils Hoglander and loses puck.
19:55 of 3rd period - Icing by Nathan Beaulieu.
19:56 of 3rd period - Pat Maroon wins face-off versus Noel Acciari in Predateurs zone.
Goals for this period are 0 for Rangers vs 3 for Predateurs.
Shots for this period are 4 for Rangers vs 17 for Predateurs.